 Dungeon Crawl Stone Soup version 0.30-a0-651-g0755cc6dcf (webtiles) character file.

Game seed: 5774261209385745182

13003 Chromium the Fighter (level 11, -12/105 HPs)
             Began as a Minotaur Berserker on Jan 18, 2023.
             Was a High Priest of Trog.
             Mangled by a spriggan rider
             ... wielding a +0 spear
              (17 damage)
             ... on level 1 of the Swamp.
             The game lasted 00:38:37 (10166 turns).

Chromium the Fighter (Minotaur Berserker)          Turns: 10166, Time: 00:38:38

Health: -12/105    AC: 13    Str: 26    XL:     11   Next: 69%
Magic:  10/10      EV: 14    Int:  6    God:    Trog [*****.]
Gold:   690        SH:  0    Dex: 10    Spells: 10/10 levels left

rFire   + . .      SeeInvis .    B - +3 broad axe (flame)
rCold   x . .      Faith    .    n - +0 tower shield
rNeg    . . .      Spirit   .    v - +1 steam dragon scales
rPois   .          Reflect  .    j - +1 hat
rElec   +          Harm     .    b - +0 cloak
rCorr   .          Rampage  .    c - +0 pair of gloves "Dickoub" {+Blink rElec Regen+ Int+2}
Will    .....      Rage     9%   q - +0 pair of boots
Stlth   +                        (no amulet)
HPRegen 1.17/turn                z - +5 ring of evasion
MPRegen 0.12/turn                f - ring of fire

@: confused, ambrosia-drunk
A: horns 2, retaliatory headbutt, berserk 2
a: Renounce Religion, Evoke Blink, Berserk, Trog's Hand, Brothers in Arms


You were on level 1 of the Swamp.
You worshipped Trog.
Trog was extremely pleased with you.
You visited 3 branches of the dungeon, and saw 12 of its levels.

You collected 690 gold pieces.

Inventory:

Hand Weapons
 h - a +2 great sword of flaming
 l - a +4 antimagic war axe
 B - a +3 broad axe of flaming (weapon)
 D - the +9 halberd of Blood {heavy, Fragile rN++}
   (You found it on level 1 of the Lair of Beasts)

   rN:        It greatly protects you from negative energy.
   Fragile:   It will be destroyed if unequipped.
Armour
 b - a +0 cloak (worn)
 c - the +0 pair of gloves "Dickoub" (worn) {+Blink rElec Regen+ Int+2}
   (You acquired it on level 7 of the Dungeon)

   Int:       It affects your intelligence (+2).
   rElec:     It insulates you from electricity.
   +Blink:    It lets you blink.
   Regen:     It increases your rate of health regeneration.
 j - a +1 hat (worn)
 n - a +0 tower shield (worn)
 q - a +0 pair of boots (worn)
 v - +1 steam dragon scales (worn)
 E - a +0 kite shield
Jewellery
 f - a ring of fire (right hand)
 z - a +5 ring of evasion (left hand)
 F - an amulet of regeneration
Wands
 x - a wand of roots (6)
 A - a wand of polymorph (7)
Scrolls
 d - 2 scrolls of fog
 e - 9 scrolls of teleportation
 k - a scroll of noise {unknown}
 m - 2 scrolls of brand weapon
 p - a scroll of butterflies
 s - a scroll of poison {unknown}
 t - a scroll of silence {unknown}
 y - a scroll of identify
Potions
 g - a potion of cancellation
 i - 5 potions of flight
 u - a potion of ambrosia
Miscellaneous
 r - a phial of floods


   Skills:
 + Level 12.5 Fighting
 - Level 3.7 Long Blades
 * Level 12.3 Axes
 * Level 10.8 Armour
 - Level 2.2 Dodging
 - Level 0.1 Stealth
 + Level 10.2 Shields


You had 10 spell levels left.
You didn't know any spells.
Your spell library contained the following spells:

 Spells                   Type           Power      Damage    Failure   Level
 Apportation              Tloc           0%         N/A       97%         1
 Necrotise                Necr           0%         1d4       97%         1
 Summon Small Mammal      Summ           0%         N/A       97%         1
 Cigotuvi's Dreadful Rot  Necr/Pois/Air  0%         N/A       99%         2
 Poisonous Vapours        Pois/Air       0%         N/A       99%         2
 Sublimation of Blood     Necr           0%         N/A       99%         2
 Wereblood                Tmut           0%         N/A       99%         2
 Mephitic Cloud           Conj/Pois/Air  0%         N/A       100%        3
 Portal Projectile        Hex/Tloc       0%         N/A       100%        3
 Tukima's Dance           Hex            0%         N/A       100%        3
 Passage of Golubria      Tloc           0%         N/A       100%        4
 Petrify                  Tmut/Erth      0%         N/A       100%        4
 Blade Hands              Tmut           0%         N/A       100%        5
 Irradiate                Conj/Tmut      0%         3d11      100%        5
 Summon Forest            Summ/Tloc      0%         N/A       100%        5
 Yara's Violent Unravell  Hex/Tmut       0%         3d3       100%        5
 Eringya's Noxious Bog    Tmut/Pois      0%         N/A       100%        6
 Dragon Form              Tmut           0%         N/A       100%        7
 Summon Hydra             Summ           0%         N/A       100%        7


Dungeon Overview and Level Annotations

Branches:
Dungeon (9/15)             Temple (0/1) D:6            Lair (2/5) D:9
  Swamp (1/4) Lair:2
  Snake: Lair:2-3    Spider: Lair:2-3       Orc: D:9-12

Altars:
Ashenzari


Innate Abilities, Weirdness & Mutations

You have a pair of horns on your head.
You reflexively headbutt those who attack you in melee.
You have an uncontrollable temper.


Message History

* * * LOW HITPOINT WARNING * * *
The spriggan rider barely misses you.
You are confused.
You feel invigorated.
The swamp dragon bites you but does no damage.
The swamp dragon claws you.
* * * LOW HITPOINT WARNING * * *
The swamp dragon tramples you.
* * * LOW HITPOINT WARNING * * *
You hold your ground!
Your iron troll closely misses the spriggan rider.
Your iron troll barely misses the spriggan rider.
Your iron troll closely misses the spriggan rider.
The spriggan rider misses you.
The spriggan rider hits you but does no damage.
You start putting on your amulet.
You continue putting on your amulet of regeneration.
The swamp dragon bites you.
Keep equipping yourself?
* * * LOW HITPOINT WARNING * * *
The swamp dragon claws you.
* * * LOW HITPOINT WARNING * * *
The swamp dragon misses you.
Your iron troll closely misses the spriggan rider.
Your iron troll misses the spriggan rider.
Your iron troll closely misses the spriggan rider.
The spriggan rider closely misses you. x2
You continue putting on your amulet of regeneration.
The swamp dragon barely misses you. The swamp dragon completely misses you.
The swamp dragon tramples you.
* * * LOW HITPOINT WARNING * * *
You hold your ground!
Your iron troll bites the spriggan rider!!!
Your iron troll claws the spriggan rider!!
The spriggan rider dies!
Trog accepts your kill.
The hornet dies!
Trog accepts your kill.
The spriggan rider hits you from afar with a +0 spear!
You die...

♣..~~~..♣
♣....~~~.♣
~...$~~~.~
♣......$~♣♣
~..~§~~...♣
.~~~~~~~^.
.~~~~~~T.♣
....~~§~<♣♣
.....~.~@~♣
≈≈≈≈..§~D♣♣
≈≈≈≈≈...in~..♣
≈≈≈≈......~§.~♣
≈≈≈.>...~~~~.~♣
≈≈≈.....?~~~~.♣
≈≈≈≈..~........♣
≈≈≈≈≈.§~.~......
≈≈≈..~!§~.~~~~.


You could see a swamp dragon, a spriggan rider, a bog body and a friendly iron
troll (summoned, berserk).

Vanquished Creatures
  A catoblepas (Lair:2)
  A two-headed ogre (D:8)
  A bog body (Lair:2)
  The ghost of chipmonk the Covered, a novice MiFi of Okawaru (D:7)
  3 black mambas
  A cane toad (Lair:2)
  3 rime drakes
  A komodo dragon (Lair:1)
  A polar bear (D:9)
  2 trolls (D:9)
  Prince Ribbit (D:9)
  Sigmund (D:2)
  4 yaks (Lair:2)
  2 wyverns
  2 basilisks
  A steam dragon (D:6)
  Edmund (D:6)
  A swamp worm (Swamp:1)
  6 water moccasins
  2 acid dragons (D:9)
  3 orc warriors
  6 ice beasts
  2 black bears
  A sky beast (D:6)
  2 ogres (D:5)
  13 wolves
  A phantom (D:5)
  2 centaurs
  4 kobold brigands
  6 bullfrogs
  A gnoll sergeant (D:6)
  5 scorpions
  6 wights
  8 killer bees
  An electric eel (Lair:2)
  6 howler monkeys
  6 jellies
  4 orc priests
  5 hounds
  3 iguanas (D:5)
  2 orc wizards (D:7)
  4 gnolls
  8 adders
  3 shadow imps
  2 white imps
  3 worms
  6 dart slugs
  28 orcs
  7 endoplasms
  3 giant cockroaches
  6 goblins
  8 hobgoblins
  A jackal (D:5)
  3 quokkas
  12 ball pythons
  A bat (D:1)
  4 frilled lizards
  24 kobolds
  3 rats
249 creatures vanquished.

Vanquished Creatures (collateral kills)
  A spriggan (Swamp:1)
  A hornet (Swamp:1)
2 creatures vanquished.

Vanquished Creatures (others)
  15 fungi
  7 plants
22 creatures vanquished.

Grand Total: 273 creatures vanquished

Notes
Turn   | Place    | Note
-------+----------+-------------------------------------------
     0 | D:1      | Chromium the Minotaur Berserker began the quest for the
                  | Orb.
     0 | D:1      | Reached XP level 1. HP: 19/19 MP: 0/0
   183 | D:1      | Reached XP level 2. HP: 10/27 MP: 1/1
   672 | D:2      | Noticed Sigmund
   686 | D:2      | Killed Sigmund
   687 | D:2      | Reached XP level 3. HP: 14/37 MP: 2/2
   687 | D:2      | Reached XP level 4. HP: 16/44 MP: 3/3
   687 | D:2      | Reached XP level 5. HP: 19/50 MP: 4/4
  1036 | D:2      | Reached ** piety under Trog
  2701 | D:4      | Reached skill level 5 in Armour
  2701 | D:4      | Reached XP level 6. HP: 51/58 MP: 5/5
  2745 | D:4      | Gained mutation: You sometimes lose your temper in combat.
                  | [potion of mutation]
  2745 | D:4      | Gained mutation: You have an uncontrollable temper. [potion
                  | of mutation]
  2857 | D:4      | Reached *** piety under Trog
  2865 | D:4      | Noticed a wyvern
  2909 | D:4      | Killed a wyvern
  2910 | D:4      | Reached skill level 1 in Axes
  3022 | D:4      | Reached XP level 7. HP: 66/66 MP: 6/6
  3279 | D:5      | Entered Level 5 of the Dungeon
  3341 | D:5      | HP: 2/66 [ogre/+0 giant spiked club (32)]
  3761 | D:5      | Reached skill level 1 in Shields
  3790 | D:5      | HP: 2/67 [ogre/+0 giant club (2)]
  4152 | D:5      | Reached XP level 8. HP: 75/75 MP: 7/7
  5200 | D:6      | Reached skill level 5 in Shields
  5204 | D:6      | Reached XP level 9. HP: 22/85 MP: 8/8
  5208 | D:6      | HP: 5/127 [gnoll sergeant/+1 heavy spear (7)]
  5211 | D:6      | HP: 1/85 [gnoll/+0 spear[a gnoll sergeant] (1)]
  5434 | D:6      | Reached skill level 10 in Fighting
  5477 | D:6      | Found a staircase to the Ecumenical Temple.
  5556 | D:6      | Reached **** piety under Trog
  6089 | D:6      | Noticed Edmund
  6101 | D:6      | Killed Edmund
  6118 | D:6      | Found a broken altar of Ashenzari.
  6829 | D:7      | Found a runed translucent door.
  6831 | D:7      | Noticed chipmonk's ghost (novice MiFi)
  6850 | D:7      | Killed chipmonk's ghost
  6851 | D:7      | Reached skill level 10 in Armour
  7077 | D:7      | Reached XP level 10. HP: 97/97 MP: 9/9
  7114 | D:7      | Reached ***** piety under Trog
  7226 | D:7      | Identified 2 scrolls of acquirement
  7228 | D:7      | Acquired a +2 broad axe of flaming
  7249 | D:7      | Acquired the +0 pair of gloves "Dickoub" {+Blink rElec
                  | Regen+ Int+2}
  7757 | D:8      | Noticed a two-headed ogre
  7764 | D:8      | Killed a two-headed ogre
  7767 | D:8      | Reached skill level 5 in Axes
  8452 | D:9      | Noticed Prince Ribbit
  8462 | D:9      | Killed Prince Ribbit
  8501 | D:9      | Found a staircase to the Lair.
  8507 | Lair:1   | Entered Level 1 of the Lair of Beasts
  8507 | Lair:1   | Noticed a black mamba
  8514 | Lair:1   | Killed a black mamba
  8608 | Lair:1   | Reached XP level 11. HP: 73/104 MP: 10/10
  8803 | Lair:1   | Reached skill level 10 in Axes
  8960 | Lair:1   | Identified the +9 halberd of Blood {heavy, Fragile rN++}
  9378 | Lair:2   | Found a staircase to the Swamp.
  9378 | Lair:2   | Noticed a bog body
  9385 | Lair:2   | Killed a bog body
  9526 | Lair:2   | Reached skill level 10 in Shields
  9678 | Lair:2   | Noticed a catoblepas
  9705 | Lair:2   | Killed a catoblepas
 10153 | Swamp:1  | Entered Level 1 of the Swamp
 10153 | Swamp:1  | Noticed a spriggan rider
 10155 | Swamp:1  | Noticed a spriggan rider
 10155 | Swamp:1  | Noticed a swamp dragon
 10155 | Swamp:1  | Noticed a bog body
 10165 | Swamp:1  | HP: 4/105 [swamp dragon (3)]
 10166 | Swamp:1  | Killed a spriggan rider
 10166 | Swamp:1  | Mangled by a spriggan rider

Illustrated notes

Levels and vault maps discovered:
D:1:      dpeg_arrival_tiny_d, layout_basic
D:2:      layout_basic, wad_orctagon, uniq_sigmund
D:3:      layout_rooms, serial_curves, eino_curves_04, eino_curves_03
D:4:      minmay_chambers_of_fours, layout_basic, serial_corexii_hall,
          corexii_hall_statues_l, corexii_hall_statues_i,
          chequers_hall_statues_y, chequers_hall_statues_wall_a
D:5:      kennysheep_windowed_halls, layout_cave_pools, kennysheep_path_1
D:6:      layout_basic, mainiacjoe_overflow_24_doors, minmay_temple_entry_tees,
          st_stairs_8, minivault_11, uniq_edmund
D:7:      layout_loops_ring, ebering_ghost_reflecting_pool
D:8:      layout_loops_corners, minmay_misc_feat_enclosed
D:9:      layout_basic, trog_butcher_becter, hellmonk_lair_entry_icy,
          uniq_prince_ribbit1
Lair:1:   layout_roguey
Lair:2:   layout_hall_layers, skrybe_swamp_entry_bodies, fungi_pond_lemuel
Swamp:1:  layout_basic_swamp, nicolae_swamp_small_spring, swamp_pool1,
          nicolae_swamp_baby_hydras, infiniplex_staircase_pool

Skill      XL: |  1  2  3  4  5  6  7  8  9 10 11 |
---------------+----------------------------------+-----
Fighting       | 4 6 7 8 9 11 12 | 12.5
Armour         | 4 5 6 7 9 10 | 10.8
Axes           | 1 2 9 12 | 12.3
Shields        | 2 5 8 9 10 | 10.2
Long Blades    | |  3.7
Dodging        | |  2.2
Stealth        | |  0.1

Action                   |  1- 3 |  4- 6 |  7- 9 | 10-12 || total
-------------------------+-------+-------+-------+-------++-------
Melee: Falchion          |    51 |    96 |       |       ||   147
       Headbutt          |     9 |    23 |    37 |    44 ||   113
       Punch             |     1 |     1 |       |       ||     2
       Great mace        |       |    19 |       |       ||    19
       War axe           |       |    26 |   248 |    14 ||   288
       Broad axe         |       |       |       |   190 ||   190
Invok: Berserk           |       |       |     3 |       ||     3
       Trog's Hand       |       |       |     3 |       ||     3
       Brothers in Arms  |       |       |       |     2 ||     2
  Use: Scroll            |     3 |     4 |     6 |     6 ||    19
       Potion            |     3 |     3 |     7 |     7 ||    20
 Stab: Distracted        |       |       |     1 |     1 ||     2
       Sleeping          |       |       |       |     1 ||     1
Armor: Ring mail         |    30 |    78 |   120 |       ||   228
       Steam dragon scal |       |       |    68 |    60 ||   128
       Skin              |       |       |    42 |       ||    42
Dodge: Dodged            |    22 |    90 |   117 |   100 ||   329
Block: Tower shield      |       |    15 |   288 |   172 ||   475

Table legend: (Time is in decaauts)
 A = Elapsed time spent in this place.
 B = Non-inter-level travel time spent in this place.
 C = Inter-level travel time spent in this place.
 D = Time resting spent in this place.
 E = Time spent auto-exploring this place.
 F = Levels seen in this place.
 G = Mean time per level.
                   A        B        C        D        E       F      G
               +--------+--------+--------+--------+--------+-----+--------+
         Total |  10726 |   8899 |   1827 |      0 |   6430 |  12 |  893.8 |
       Dungeon |   8963 |   7350 |   1613 |      0 |   5200 |   9 |  995.9 |
          Lair |   1747 |   1533 |    214 |      0 |   1230 |   2 |  873.5 |
         Swamp |     15 |     15 |      0 |      0 |      0 |   1 |   15.0 |
               +--------+--------+--------+--------+--------+-----+--------+

Top non-repeatable levels by time:
     D:5: 2144 daAuts
     D:2: 1105 daAuts
     D:6: 1100 daAuts
     D:7: 1082 daAuts
     D:8: 904 daAuts
  Lair:2: 894 daAuts
     D:3: 854 daAuts
  Lair:1: 853 daAuts
     D:1: 719 daAuts
     D:4: 683 daAuts
     D:9: 369 daAuts
 Swamp:1: 15 daAuts
